 Dungeon Crawl Stone Soup version 0.30.1-9-gdf580d7c3d (webtiles) character file.

Game seed: 15928245342196801322

1455 BillyBaka the Skirmisher (level 8, 0/74 HPs)
             Began as a Minotaur Hunter on Oct 11, 2023.
             Was a Follower of Okawaru.
             Slain by Crazy Yiuf
             ... wielding a +4 quarterstaff of chaos
              (16 damage)
             ... on level 6 of the Dungeon.
             The game lasted 00:18:24 (4597 turns).

BillyBaka the Skirmisher (Minotaur Hunter)          Turns: 4597, Time: 00:18:24

Health: 0/74       AC:  8    Str: 16    XL:     8   Next: 47%
Magic:  7/7        EV: 16    Int:  6    God:    Okawaru [*.....]
Gold:   343        SH:  0    Dex: 22    Spells: 7/7 levels left

rFire   . . .        a - +0 shortbow
rCold   . . .        (shield currently unavailable)
rNeg    + . .        C - +0 leather armour {rN+}
rPois   .            (helmet restricted)
rElec   .            n - +1 cloak {Will+}
rCorr   .            x - +0 pair of gloves
SInv    +            A - +1 pair of boots
Will    +....        F - amulet "Icyc" {Faith Regen+ SInv}
Stlth   ++           u - +6 ring of dexterity
HPRegen 1.12/turn    (no ring)
MPRegen 0.10/turn

%: faith
@: mighty
A: horns 2, retaliatory headbutt
a: Renounce Religion, Heroism


You were on level 6 of the Dungeon.
You worshipped Okawaru.
Okawaru was aware of your devotion.
You visited 2 branches of the dungeon, and saw 7 of its levels.

You collected 343 gold pieces.

Inventory:

Hand Weapons
 a - a +0 shortbow (weapon)
Armour
 n - a +1 cloak of willpower (worn)
 x - a +0 pair of gloves (worn)
 A - a +1 pair of boots (worn)
 C - a +0 leather armour of positive energy (worn)
 E - a +0 robe of the Archmagi
Jewellery
 u - a +6 ring of dexterity (left hand)
 F - the amulet "Icyc" (around neck) {Faith Regen+ SInv}
   (You found it on level 6 of the Dungeon)

   [amulet of faith]

   It allows you to gain divine favour quickly.
   SInv:      It lets you see invisible.
   Regen:     It increases your rate of health regeneration.
Wands
 B - a wand of iceblast (8)
Scrolls
 b - a scroll of immolation
 d - a scroll of noise {unknown}
 g - 3 scrolls of blinking {unknown}
 j - 9 scrolls of identify {unknown}
 k - a scroll of torment {unknown}
 l - 2 scrolls of amnesia {unknown}
 m - a scroll of summoning {unknown}
 o - 3 scrolls of enchant weapon {unknown}
 p - a scroll of vulnerability {unknown}
 r - 2 scrolls of enchant armour {unknown}
 s - a scroll of fog {unknown}
 t - a scroll of fear {unknown}
 y - a scroll of magic mapping {unknown}
 D - a scroll of teleportation {unknown}
Potions
 c - 2 potions of might {unknown}
 e - 2 potions of curing
 h - 3 potions of flight {unknown}
 i - 2 potions of brilliance {unknown}
 q - 3 potions of heal wounds {unknown}
 v - a potion of haste {unknown}
 w - 2 potions of lignification {unknown}
 z - a potion of ambrosia {unknown}


   Skills:
 + Level 7.8 Fighting
 + Level 8.2 Ranged Weapons
 + Level 6.6 Dodging
 - Level 0.7 Stealth


You had 7 spell levels left.
You didn't know any spells.
Your spell library contained the following spells:

 Spells                   Type           Power      Damage    Failure   Level
 Beastly Appendage        Tmut           0%         N/A       52%         1
 Slow                     Hex            0%         N/A       52%         1
 Wereblood                Tmut           0%         N/A       67%         2
 Confusing Touch          Hex            0%         N/A       88%         3
 Spider Form              Tmut/Pois      0%         N/A       88%         3
 Vampiric Draining        Necr           0%         2d6       88%         3


Dungeon Overview and Level Annotations

Branches:
Dungeon (6/15)             Temple (1/1) D:6

Altars:
Ashenzari
Cheibriados
Dithmenos
Elyvilon
Fedhas
Gozag
Kikubaaqudgha
Makhleb
Nemelex Xobeh
Okawaru
Ru
Sif Muna
Trog
Uskayaw
Xom
Zin
The Shining One

Shops:
D:4 =

Annotations:
D:3 1 runed translucent door, exclusion: door, eliilek's ghost, amateur MiBe
D:6 Crazy Yiuf; Eustachio


Innate Abilities, Weirdness & Mutations

You have a pair of horns on your head.
You reflexively headbutt those who attack you in melee.


Message History

You shoot an arrow. The arrow barely misses Crazy Yiuf.
Crazy Yiuf barely misses you.
Crazy Yiuf hits you with a +4 quarterstaff of chaos.
You shoot an arrow. The arrow hits Crazy Yiuf.
Crazy Yiuf is moderately wounded.
Crazy Yiuf hits you with a +4 quarterstaff of chaos!
Crazy Yiuf burns you.
You shoot an arrow. The arrow hits Crazy Yiuf!
Crazy Yiuf is severely wounded.
Crazy Yiuf barely misses you.
You shoot an arrow. The arrow barely misses Crazy Yiuf.
Crazy Yiuf drinks a potion.
Crazy Yiuf is healed!
You shoot an arrow.
The arrow hits Crazy Yiuf but does no damage.
Crazy Yiuf is moderately wounded.
Crazy Yiuf whimpers, "Citrus!
Mugger shrimp down."
Crazy Yiuf hits you with a +4 quarterstaff of chaos!
You feel very mighty all of a sudden.
You shoot an arrow. The arrow hits Crazy Yiuf!
Crazy Yiuf is almost dead.
Crazy Yiuf hits you with a +4 quarterstaff of chaos!
Crazy Yiuf freezes you.
You shoot an arrow. The arrow barely misses Crazy Yiuf.
Crazy Yiuf hits you with a +4 quarterstaff of chaos!
You shoot an arrow. The arrow closely misses Crazy Yiuf.
Crazy Yiuf hits you with a +4 quarterstaff of chaos.
Crazy Yiuf freezes you.
You shoot an arrow.
The arrow hits Crazy Yiuf but does no damage.
Crazy Yiuf is almost dead.
Crazy Yiuf laughs, "Orb verde illywillydillykilly!"
Crazy Yiuf misses you.
Crazy Yiuf yells, "Candle noodlescoop poople!"
Crazy Yiuf hits you with a +4 quarterstaff of chaos!
* * * LOW HITPOINT WARNING * * *
Crazy Yiuf freezes you.
* * * LOW HITPOINT WARNING * * *
You shoot an arrow. The arrow closely misses Crazy Yiuf.
Crazy Yiuf hits you with a +4 quarterstaff of chaos!
You die...

#<# ### #####
### #)..# #.#
#).)# # ####.#
).. #######....#
#g# ....##.....#
#@##
###........#
##.# ##.......#
#.## #.......#
##)# ###.....#
##)## #.^....#
##...# #......#
#....# #......#
#....#
##.....#####..##


You could see Crazy Yiuf.

Vanquished Creatures
  Duvessa (D:5)
  A sky beast (D:6)
  An ice beast (D:6)
  A black bear (D:5)
  4 ogres
  A phantom (D:4)
  A bullfrog (D:6)
  A scorpion (D:5)
  Dowan (D:5)
  An orc priest (D:4)
  3 hounds
  3 jellies
  Terence (D:2)
  A sleepcap (D:4)
  3 iguanas
  5 adders
  2 white imps (D:5)
  A worm (D:3)
  2 dart slugs
  6 orcs
  3 ball pythons
  8 endoplasms
  5 giant cockroaches
  12 goblins
  5 hobgoblins
  3 jackals (D:2)
  5 quokkas
  5 bats
  5 frilled lizards
  7 kobolds
  6 rats
104 creatures vanquished.

Notes
Turn   | Place    | Note
-------+----------+-------------------------------------------
     0 | D:1      | BillyBaka the Minotaur Hunter began the quest for the Orb.
     0 | D:1      | Reached XP level 1. HP: 18/18 MP: 0/0
   104 | D:1      | Reached XP level 2. HP: 25/25 MP: 1/1
   292 | D:1      | Found a faded altar of an unknown god.
   543 | D:2      | Reached XP level 3. HP: 31/31 MP: 2/2
   822 | D:2      | Reached skill level 5 in Ranged Weapons
   975 | D:2      | Reached XP level 4. HP: 33/38 MP: 3/3
  1059 | D:2      | Noticed Terence
  1071 | D:2      | Killed Terence
  1485 | D:3      | Reached XP level 5. HP: 46/46 MP: 4/4
  1606 | D:3      | Found a runed translucent door.
  1613 | D:3      | Noticed eliilek's ghost (amateur MiBe)
  1865 | D:4      | Noticed an ogre
  2281 | D:4      | Killed an ogre
  2282 | D:4      | Reached skill level 6 in Ranged Weapons
  2282 | D:4      | Reached XP level 6. HP: 55/55 MP: 5/5
  2435 | D:4      | Found Dehepere's Jewellery Emporium.
  2579 | D:4      | Reached skill level 5 in Fighting
  2801 | D:5      | Entered Level 5 of the Dungeon
  2878 | D:5      | Reached skill level 5 in Dodging
  2982 | D:5      | Reached XP level 7. HP: 61/61 MP: 6/6
  3134 | D:5      | Reached skill level 7 in Ranged Weapons
  3475 | D:5      | Noticed Duvessa
  3475 | D:5      | Noticed Dowan
  3485 | D:5      | Killed Duvessa
  3496 | D:5      | Killed Dowan
  3901 | D:6      | Noticed Eustachio
  3988 | D:6      | Reached XP level 8. HP: 64/73 MP: 7/7
  4108 | D:6      | Found a staircase to the Ecumenical Temple.
  4113 | Temple   | Entered the Ecumenical Temple
  4237 | Temple   | Became a worshipper of Warmaster Okawaru
  4339 | D:6      | Identified the amulet "Icyc" {Faith Regen+ SInv}
  4377 | D:6      | Reached skill level 8 in Ranged Weapons
  4441 | D:6      | Reached * piety under Okawaru
  4578 | D:6      | Found a runed translucent door.
  4579 | D:6      | Noticed Crazy Yiuf
  4597 | D:6      | Slain by Crazy Yiuf

Illustrated notes

Levels and vault maps discovered:
D:1:      amcnicky_arrival_underground_garden, layout_rooms,
          dreamdust_ecumenical_altar_hidden_monk_grotto, minivault_4,
          st_stairs_1
D:2:      layout_basic, uniq_terence
D:3:      layout_rooms, hellmonk_ghost_happy_afterlife
D:4:      layout_basic, serial_shops, shop, minmay_misc_feat_four_crosses,
          minmay_statues_item, chequers_big_river, minmay_goblin_kobold_house
D:5:      layout_basic, uniq_duvessa
D:6:      layout_rooms, minmay_temple_entry_ruins, kennysheep_potato,
          uniq_eustachio, uniq_crazy_yiuf_cottage
Temple:   minmay_temple_bridge_d

Skill      XL: |  1  2  3  4  5  6  7  8 |
---------------+-------------------------+-----
Fighting       | 3 4 5 7 |  7.8
Dodging        | 3 4 5 6 |  6.6
Ranged Weapons | 5 6 7 8 |  8.2
Stealth        | |  0.7

Action                     |  1- 3 |  4- 6 |  7- 9 || total
---------------------------+-------+-------+-------++-------
   Fire: Shortbow          |   120 |   127 |   128 ||   375
 Armour: Leather armour    |    17 |     3 |    36 ||    56
  Dodge: Dodged            |    40 |    30 |    81 ||   151
